 Dungeon Crawl Stone Soup version 0.22-a0-769-g178e55541d (webtiles) character file.

99 Htamos the Slasher (level 5, 0/41 HPs)
             Began as a Human Gladiator on July 17, 2018.
             Was an Initiate of Okawaru.
             Killed by divine providence
             ... invoked by an orc priest
              (16 damage)
             ... on level 3 of the Dungeon.
             The game lasted 00:03:22 (2545 turns).

Htamos the Slasher (Human Gladiator)                Turns: 2545, Time: 00:03:22

Health: 0/41       AC:  4    Str: 15    XL:     5   Next: 2%
Magic:  5/5        EV: 13    Int:  9    God:    Okawaru [......]
Gold:   122        SH:  0    Dex: 14    Spells: 4/4 levels left

rFire    . . .     SeeInvis .   a - +0 long sword
rCold    . . .     Gourm    .   (no shield)
rNeg     . . .     Faith    .   b - +0 leather armour
rPois    .         Spirit   .   c - +0 helmet
rElec    .         Reflect  .   (no cloak)
rCorr    .         Harm     .   (no gloves)
MR       .....                  (no boots)
Stlth    +.........             (no amulet)
HPRegen  0.13/turn              e - ring of wizardry
MPRegen  0.09/turn              (no ring)

@: no status effects
A: no striking features
a: Renounce Religion


You were on level 3 of the Dungeon.
You worshipped Okawaru.
Okawaru was noncommittal.
You were not hungry.

You visited 1 branch of the dungeon, and saw 3 of its levels.

You collected 122 gold pieces.

Inventory:

Hand Weapons
 a - a +0 long sword (weapon)
Missiles
 d - 3 throwing nets (quivered)
 p - 2 javelins
Armour
 b - a +0 leather armour (worn)
 c - a +0 helmet (worn)
 g - a +0 chain mail
Jewellery
 e - a ring of wizardry (left hand)
 m - an uncursed ring of fire {unknown}
 r - an uncursed ring of fire {unknown}
Scrolls
 h - 2 scrolls of remove curse
 i - a scroll of fear {unknown}
 j - a scroll of teleportation {unknown}
 l - a scroll of immolation {unknown}
 n - a scroll of identify {unknown}
Potions
 o - a potion of magic {unknown}
 q - a potion of degeneration {unknown}
 s - a potion of cancellation {unknown}
Comestibles
 f - 5 rations
 k - a chunk of flesh


   Skills:
 * Level 3.6 Fighting
 + Level 3.7 Long Blades
 - Level 2.0 Throwing
 + Level 3.6 Dodging


You had 4 spell levels left.
You didn't know any spells.
Your spell library was empty.

Dungeon Overview and Level Annotations

Branches:
Dungeon (3/15)

Altars:
Okawaru


Message History

The orc priest is moderately wounded.
The orc hits you but does no damage.
The orc priest invokes the aid of Beogh against you.
Beogh smites you!
You hit the orc priest.
The orc priest is severely wounded.
The orc barely misses you. The orc priest hits you with a mace.
The orc closely misses you.
You completely miss the orc priest.
The orc priest is severely wounded.
The orc priest hits you with a mace!
* * * LOW HITPOINT WARNING * * *
The orc hits you with a dagger of speed.
* * * LOW HITPOINT WARNING * * *
You hit the orc priest.
The orc priest is almost dead.
The orc hits you but does no damage.
The orc priest calls down the wrath of Beogh upon you.
Beogh smites you!
You die...

.#.##.......#
.#.##.......# #######
.#.##.......#########
......#
...##)...............
.....
#..##.............# ...
#..##.............####.#
#..##..................#
#.>###.....######.##.###
##.#
#.###.#....@o##.######
#.# #.#
#.#.####o...#....#
#.###.#
###+###..........#
##.#...#
..o....o.#......#
.#.#.###
.....$...#...####
.#...#### .........#...#
........+ ...!.....#...#
######### ........(#...#
..# .........#...#


You could see an orc priest, an orc wizard and an orc.

Vanquished Creatures
  An orc wizard (D:3)
  An adder (D:2)
  An ooze (D:3)
  3 dart slugs
  2 leopard geckos
  2 orcs (D:3)
  A ball python (D:3)
  4 bats
  A giant cockroach (D:2)
  10 goblins
  6 hobgoblins
  2 jackals (D:2)
  3 frilled lizards
  3 kobolds
  4 rats
44 creatures vanquished.

Notes
Turn   | Place    | Note
-------+----------+-------------------------------------------
     0 | D:1      | Htamos the Human Gladiator began the quest for the Orb.
     0 | D:1      | Reached XP level 1. HP: 16/16 MP: 1/1
   184 | D:1      | Reached XP level 2. HP: 23/23 MP: 2/2
   865 | D:2      | Found an iron altar of Okawaru.
   929 | D:2      | Reached XP level 3. HP: 16/28 MP: 3/3
  1088 | D:2      | Became a worshipper of Warmaster Okawaru
  1666 | D:2      | Reached XP level 4. HP: 27/35 MP: 4/4
  2471 | D:3      | Reached XP level 5. HP: 34/41 MP: 5/5
  2545 | D:3      | Killed from afar by an orc priest

Vault maps used:
D:1:      sevenhm_arrival_forest_fort_small_4
D:2:      okawaru_ov_weapons_minmay
D:3:      due_unseen_surprise

Skill      XL: |  1  2  3 |
---------------+----------+-----
Fighting       | 3 |  3.6
Long Blades    | |  3.7
Throwing       | |  2.0
Dodging        | |  3.6

Action                   |  1- 3 |  4- 6 || total
-------------------------+-------+-------++-------
Melee: Long sword        |    81 |    46 ||   127
  Use: Scroll            |     1 |       ||     1
  Eat: Chunk             |     2 |     3 ||     5
Armor: Leather armour    |    29 |    11 ||    40
Dodge: Dodged            |    57 |    31 ||    88
       Rpst.: Long sword |    22 |     6 ||    28

Table legend:
 A = Spawn XP
 B = Non-spawn XP
 C = Spawn XP percentage of total XP
 D = Spawn monster count
 E = Non-spawn monster count
 F = Spawn count percentage of total count
 G = Total turns spent on level
                    A         B        C        D         E        F      G
               +---------+---------+-------+---------+---------+-------+---------
         Total |       0 |     142 |   0.0 |       0 |      44 |   0.0 |  2545
               +---------+---------+-------+---------+---------+-------+---------
           D:1 |       0 |      27 |   0.0 |       0 |      14 |   0.0 |   852
           D:2 |       0 |      49 |   0.0 |       0 |      20 |   0.0 |  1428
           D:3 |       0 |      66 |   0.0 |       0 |      10 |   0.0 |   265
               +---------+---------+-------+---------+---------+-------+---------
